 Dungeon Crawl Stone Soup version 0.14-a0-181-gf6fe0c6 (webtiles) character file.

1919 Malachi the Frost Mage (level 8, 0/52 HPs)
             Began as a Vampire Ice Elementalist on Oct 6, 2013.
             Was a Follower of Makhleb.
             Slain by a hound (4 damage)
             ... on Level 5 of the Dungeon.
             The game lasted 00:20:19 (12854 turns).

Malachi the Frost Mage (Vampire Ice Elementalist)  Turns: 12854, Time: 00:20:19

HP   0/52        AC  3     Str  7      XL: 8   Next: 70%
MP  11/22        EV 12     Int 19      God: Makhleb [*.....]
Gold 246         SH  0     Dex 14      Spells:  3 memorised,  3 levels left

Res.Fire  : + . .   See Invis. : +   r - +0,+4 short sword (speed)
Res.Cold  : + . .   Warding    : .   a - +0 robe
Life Prot.: + + +   Conserve   : .   (no shield)
Res.Poison: +       Res.Corr.  : .   (no helmet)
Res.Elec. : .       Clarity    : .   (no cloak)
Sust.Abil.: . .     Spirit.Shd : .   (no gloves)
Res.Mut.  : .       Stasis     : .   j - +0 pair of boots
Res.Rott. : +       Flight     : .   (no amulet)
Saprovore : . . .                    m - ring of magical power
                                     h - ring of fire

@: regenerating slowly, somewhat resistant to hostile enchantments, stealthy
A: bottle blood, fangs 3, see invisible, unbreathing
a: Bat Form, Bottle Blood, Renounce Religion


You were on level 5 of the Dungeon.
You worshipped Makhleb.
Makhleb was aware of your devotion.
You were near bloodless.

You visited 1 branch of the dungeon, and saw 5 of its levels.

You collected 226 gold pieces.

Inventory:

Hand weapons
 d - a +3,+2 elven dagger
 l - a +0,+1 short sword of freezing
 r - a +0,+4 short sword of speed (weapon)
 v - a +0,+1 whip of flaming
Armour
 a - a +0 robe (worn)
 j - a +0 pair of boots (worn)
Scrolls
 f - 2 scrolls of remove curse
 i - 2 scrolls of identify
 n - a scroll of enchant weapon II
 o - 2 scrolls of teleportation
Jewellery
 h - a ring of fire (left hand)
 m - a ring of magical power (right hand)
 p - a cursed -2 ring of dexterity {unknown}
Potions
 c - a potion of curing {unknown}
 e - 2 potions of magic
 g - 5 potions of heal wounds {unknown}
 q - a potion of beneficial mutation {unknown}
 s - a potion of restore abilities {unknown}
 t - a potion of agility {unknown}
 u - a potion of brilliance {unknown}
Books
 b - a book of Frost

   Spells                             Type                      Level
   *Freeze                            Ice                          1
   *Throw Frost                       Conjuration/Ice              2
   *Ozocubu's Armour                  Charms/Ice                   3
   Throw Icicle                       Conjuration/Ice              4
   Summon Ice Beast                   Ice/Summoning                4
   Condensation Shield                Ice                          4
 k - a book of Air

   Spells                             Type                      Level
   Shock                              Conjuration/Air              1
   Swiftness                          Charms/Air                   2
   Repel Missiles                     Charms/Air                   2
   Flight                             Charms/Air                   3
   Static Discharge                   Conjuration/Air              3
   Lightning Bolt                     Conjuration/Air              5


   Skills:
 + Level 0.1 Fighting
 + Level 1.0 Short Blades
 - Level 2.1 Dodging
 - Level 3.0 Stealth
 - Level 1.0 Spellcasting
 - Level 0.6 Conjurations
 + Level 0.4 Charms
 * Level 11.2 Ice Magic


You had 3 spell levels left.
You knew the following spells:

 Your Spells              Type           Power        Failure   Level  Hunger
a - Freeze                Ice            ###.         1%          1    ##.....
b - Throw Frost           Conj/Ice       ##....       2%          2    ###....
c - Ozocubu's Armour      Chrm/Ice       ##........   6%          3    ####...


Dungeon Overview and Level Annotations

Branches:
Dungeon (5/27)
 Temple: D:4-7

Altars:
Makhleb
Okawaru

Annotations:
D:4 Menkaure


Innate Abilities, Weirdness & Mutations

You heal slowly.
You can bottle blood from corpses.
You have razor-sharp teeth.*
You have supernaturally acute eyesight.
You can survive without breathing.*


Message History

Casting: Freeze
Confirm with . or Enter, or press ? or * to list all spells.
Aiming: Freeze
Press: ? - help, Shift-Dir - straight line, f - hound
Aim: a hound You feel a numb sensation.
You freeze the hound.
The hound is heavily wounded.
The hound bites you.
* * * LOW HITPOINT WARNING * * *
Casting: Freeze
Confirm with . or Enter, or press ? or * to list all spells.
Aiming: Freeze
Press: ? - help, Shift-Dir - straight line, f/p - hound
Aim: a hound (heavily wounded)
You feel a numb sensation.
You freeze the hound.
The hound is almost dead.
The hound bites you.
* * * LOW HITPOINT WARNING * * *
The hound bites you.
You die...

##.......#%%.#....#
#....)...##'##....#
###...............#
##................#
#.................#
##................#
#.................#
################................#
..#..#..##.#..#.@................
.......>.......h.......#.#.#.#.#.
.......#.#.......................
[....<.#)#......%......#.......#.
)#...###.###......#..............
.##.##3#_#4#.....##....#...>...#.
.#..########.....##.#............
##### #2# #############.......#.
### #..........


You could see a hound.

Vanquished Creatures
  Pikel (D:4)
  A phantom (D:5)
  2 slaves (D:4)
  A sky beast (D:5)
  An ogre (D:4)
  2 jellies
  4 crimson imps
  2 hounds
  4 orc priests (D:5)
  2 iguanas
  5 worker ants
  2 orc wizards (D:5)
  A scorpion (D:5)
  Ijyb (D:3)
  3 hound skeletons
  A mummy (D:3)
  9 adders
  2 giant mites
  3 worms
  7 giant geckos
  21 orcs
  3 ball pythons
  5 bats
  9 giant cockroaches
  11 hobgoblins
  A jackal (D:4)
  13 kobolds
  A quokka (D:5)
  A giant newt (D:3)
  8 goblins
  A goblin skeleton (D:5)
  A kobold skeleton (D:3)
  14 rats
143 creatures vanquished.

Vanquished Creatures (others)
  A slave (D:5)
  2 adders (D:5)
  2 gnolls (D:5)
  An orc (D:5)
6 creatures vanquished.

Grand Total: 149 creatures vanquished

Notes
Turn   | Place    | Note
--------------------------------------------------------------
     0 | D:1      | Malachi, the Vampire Ice Elementalist, began the quest for the Orb.
     0 | D:1      | Reached XP level 1. HP: 13/13 MP: 4/4
   602 | D:1      | Reached XP level 2. HP: 19/19 MP: 2/5
  1096 | D:1      | Reached skill level 4 in Ice Magic
  1819 | D:2      | Reached XP level 3. HP: 20/24 MP: 3/6
  2629 | D:3      | Noticed Ijyb
  2639 | D:3      | Killed Ijyb
  2639 | D:3      | Reached skill level 5 in Ice Magic
  2639 | D:3      | Reached XP level 4. HP: 26/30 MP: 4/8
  3346 | D:3      | Learned a level 2 spell: Throw Frost
  3690 | D:3      | Found an iron altar of Okawaru.
  3707 | D:3      | Reached XP level 5. HP: 22/35 MP: 5/9
  3978 | D:3      | Reached skill level 6 in Ice Magic
  4414 | D:3      | Learned a level 3 spell: Ozocubu's Armour
  4506 | D:4      | Reached XP level 6. HP: 22/41 MP: 10/10
  5164 | D:4      | Reached skill level 7 in Ice Magic
  5365 | D:4      | Noticed Menkaure
  5382 | D:5      | Entered Level 5 of the Dungeon
  6166 | D:5      | Found a burning altar of Makhleb.
  6166 | D:5      | Noticed a cacodemon
  6217 | D:5      | Reached skill level 8 in Ice Magic
  6217 | D:5      | Reached XP level 7. HP: 31/46 MP: 6/11
  6226 | D:5      | Noticed a smoke demon
  6226 | D:5      | Noticed an orange demon
  6431 | D:5      | Became a worshipper of Makhleb the Destroyer
  6966 | D:4      | Noticed a slave
  6967 | D:4      | Noticed a slave
  6968 | D:4      | Noticed a slave
  6968 | D:4      | Noticed an ogre
  6971 | D:4      | Noticed Pikel
  6975 | D:4      | Noticed a slave
  7458 | D:4      | Killed a slave
  9132 | D:4      | Killed an ogre
  9132 | D:4      | Reached skill level 9 in Ice Magic
  9648 | D:4      | Killed a slave
 10311 | D:4      | Killed Pikel
 10311 | D:4      | Reached skill level 1 in Short Blades
 10311 | D:4      | Reached skill level 10 in Ice Magic
 10311 | D:4      | Reached XP level 8. HP: 40/52 MP: 12/13
 12005 | D:5      | Acquired Makhleb's first power
 12039 | D:5      | Reached skill level 11 in Ice Magic
 12522 | D:5      | Killed a freed slave
 12854 | D:5      | Slain by a hound

Action                   |  1- 3 |  4- 6 |  7- 9 || total
-------------------------+-------+-------+-------++-------
Melee: Unarmed           |    13 |       |     2 ||    15
       Dagger            |     9 |    29 |       ||    38
       Short sword       |       |     9 |    89 ||    98
       Whip              |       |       |     4 ||     4
 Cast: Freeze            |    58 |   114 |   112 ||   284
       Throw Frost       |       |     9 |    13 ||    22
       Ozocubu's Armour  |       |       |     4 ||     4
 Abil: End Transformatio |       |       |    10 ||    10
       Bat Form          |       |       |    10 ||    10
  Use: Scroll            |     7 |     6 |     1 ||    14
 Stab: Sleeping          |     2 |     2 |     4 ||     8
